 Dungeon Crawl Stone Soup version 0.21-a0-498-g1b60429 (webtiles) character file.

371 mortelune the Skirmisher (level 6, -3/40 HPs)
             Began as a Gargoyle Fighter on Nov 25, 2017.
             Killed from afar by an orc wizard (10 damage)
             ... with a magic dart
             ... on level 4 of the Dungeon.
             The game lasted 00:07:20 (2926 turns).

mortelune the Skirmisher (Gargoyle Fighter)         Turns: 2926, Time: 00:07:21

Health: -3/40      AC: 12    Str: 21    XL:     6   Next: 70%
Magic:  6/6        EV: 12    Int:  9    God:
Gold:   85         SH:  9    Dex: 14    Spells: 5/5 levels left

rFire    . . .     SeeInvis .   a - +0 flail
rCold    . . .     Gourm    .   c - +0 shield
rNeg     + . .     Faith    .   b - +0 scale mail
rPois    ∞         Spirit   .   (no helmet)
rElec    +         Reflect  .   p - +0 cloak
rCorr    .         Harm     .   (no gloves)
MR       .....                  (no boots)
Stlth    +.........             (no amulet)
HPRegen  0.13/turn              o - ring of flight
MPRegen  0.10/turn              (no ring)

@: agile, slowed, very slow
A: negative energy resistance 1, electricity resistance, unbreathing,
petrification resistance, rot immunity, AC +4
a: Evoke Flight


You were on level 4 of the Dungeon.
You were not hungry.

You visited 1 branch of the dungeon, and saw 4 of its levels.

You collected 85 gold pieces.

Inventory:

Hand Weapons
 a - a +0 flail (weapon)
Armour
 b - a +0 scale mail (worn)
 c - a +0 shield (worn)
 p - a +0 cloak (worn)
 s - a cursed +0 plate armour
Jewellery
 o - a ring of flight (left hand)
Scrolls
 e - 4 scrolls of identify {unknown}
 g - a scroll of enchant armour {unknown}
 h - 3 scrolls of teleportation {unknown}
 j - 2 scrolls of fog {unknown}
 k - 6 scrolls of remove curse {unknown}
 q - a scroll of amnesia {unknown}
 r - 2 scrolls of enchant weapon {unknown}
 t - a scroll of noise {unknown}
 u - 2 scrolls of immolation {unknown}
Potions
 i - 2 potions of berserk rage {unknown}
 n - a potion of curing
 v - a potion of brilliance {unknown}
 z - a potion of lignification {unknown}
Comestibles
 f - 3 bread rations
 l - 2 royal jellies
 w - 3 meat rations


   Skills:
 + Level 5.2 Fighting
 * Level 5.0 Maces & Flails
 + Level 4.4 Armour
 - Level 3.2 Shields


You had 5 spell levels left.
You didn't know any spells.

Dungeon Overview and Level Annotations

Branches:
Dungeon (4/15)
 Temple: D:4-7

Altars:


Innate Abilities, Weirdness & Mutations

You are resistant to torment.
Your stone body is resilient. (AC +4)
You are immune to poison.
You resist negative energy. (rN+)
You are resistant to electric shocks. (rElec)
You can survive without breathing.
You are immune to petrification.
You are immune to rotting.


Message History

The orc wizard casts a spell at you. You resist with some effort.
You block the orc wizard's attack.
You closely miss the orc wizard.
The orc wizard is almost dead.
The orc wizard gestures at you while chanting.
You feel yourself slow down.
You barely miss the orc wizard.
The orc wizard is almost dead.
The orc wizard points at you and mumbles some strange words.
The magic dart hits you!
The orc wizard gestures at you while chanting.
The magic dart hits you!
* * * LOW HITPOINT WARNING * * *
The orc wizard hits you but does no damage.
Your shield and scale mail prevent you from hitting the orc wizard.
The orc wizard is almost dead.
The orc wizard hits you but does no damage.
The orc wizard casts a spell at you. The magic dart hits you!
You die...

#.#......#
#.#..###.######
#....# #......#
#.#..###.####.#
#.##.)...#
#.####.######.
#.............
#..###o#######
#..# #@# #o.#
#.# #..# #.#
#..# #.# #.o#
#.# .#. # #


You could see an orc wizard.

Vanquished Creatures
  An ice beast (D:3)
  An ogre (D:3)
  An orc wizard (D:3)
  5 adders
  An ooze (D:1)
  3 worms
  4 dart slugs
  4 leopard geckos
  4 orcs
  7 bats
  5 giant cockroaches
  5 goblins
  3 hobgoblins (D:2)
  4 jackals (D:1)
  9 kobolds
  6 frilled lizards
  7 rats
70 creatures vanquished.

Vanquished Creatures (others)
  2 orc wizards (D:4)
2 creatures vanquished.

Grand Total: 72 creatures vanquished

Notes
Turn   | Place    | Note
-------+----------+-------------------------------------------
     0 | D:1      | mortelune the Gargoyle Fighter began the quest for the Orb.
     0 | D:1      | Reached XP level 1. HP: 14/14 MP: 1/1
   162 | D:1      | Reached XP level 2. HP: 16/19 MP: 2/2
   705 | D:1      | Reached XP level 3. HP: 24/24 MP: 3/3
  1568 | D:2      | Reached XP level 4. HP: 28/29 MP: 4/4
  2311 | D:3      | Reached XP level 5. HP: 32/34 MP: 5/5
  2436 | D:3      | Noticed an ice beast
  2458 | D:3      | Killed an ice beast
  2458 | D:3      | Reached skill level 5 in Fighting
  2458 | D:3      | Reached XP level 6. HP: 29/40 MP: 6/6
  2913 | D:4      | Reached skill level 5 in Maces & Flails
  2926 | D:4      | Killed from afar by an orc wizard

Vault maps used:
D:1:      zaba_arrival_water
D:4:      old_standard_altar, nicolae_overflow_crystal_walls, uniq_edmund

Skill      XL: |  1  2  3  4  5  6 |
---------------+-------------------+-----
Fighting       | 4 5 |  5.2
Maces & Flails | 3 4 5 |  5.0
Armour         | 4 |  4.4
Shields        | |  3.2

Action                   |  1- 3 |  4- 6 || total
-------------------------+-------+-------++-------
Melee: Flail             |   125 |   222 ||   347
  Use: Potion            |       |     3 ||     3
  Eat: Chunk             |     2 |     5 ||     7
Armor: Scale mail        |    71 |   132 ||   203
Dodge: Dodged            |    44 |    73 ||   117
Block: Shield            |    63 |   114 ||   177

Table legend:
 A = Spawn XP
 B = Non-spawn XP
 C = Spawn XP percentage of total XP
 D = Spawn monster count
 E = Non-spawn monster count
 F = Spawn count percentage of total count
 G = Total turns spent on level
                    A         B        C        D         E        F      G
               +---------+---------+-------+---------+---------+-------+---------
         Total |       0 |     530 |   0.0 |       0 |      72 |   0.0 |  2926
               +---------+---------+-------+---------+---------+-------+---------
           D:1 |       0 |      43 |   0.0 |       0 |      20 |   0.0 |   983
           D:2 |       0 |      66 |   0.0 |       0 |      20 |   0.0 |  1051
           D:3 |       0 |     362 |   0.0 |       0 |      26 |   0.0 |   702
           D:4 |       0 |      59 |   0.0 |       0 |       6 |   0.0 |   190
               +---------+---------+-------+---------+---------+-------+---------
